 Dungeon Crawl Stone Soup version 0.24-a0-441-g27f0392 (webtiles) character file.

Game seed: 15364088467487603781

154 relicbr the Chopper (level 5, -3/45 HPs)
             Began as a Hill Orc Fighter on June 20, 2019.
             Slain by Sigmund
             ... wielding a +0 scythe
              (4 damage)
             ... while paralysed by Grinder
             ... on level 3 of the Dungeon.
             The game lasted 00:06:25 (2362 turns).

relicbr the Chopper (Hill Orc Fighter)              Turns: 2362, Time: 00:06:26

Health: -3/45      AC:  8    Str: 19    XL:     5   Next: 36%
Magic:  5/5        EV:  2    Int:  8    God:
Gold:   78         SH:  0    Dex: 11    Spells: 4/4 levels left

rFire    . . .     SeeInvis .   b - +0 whip (holy)
rCold    . . .     Gourm    .   c - +0 shield
rNeg     . . .     Faith    .   k - +0 ring mail
rPois    .         Spirit   .   (no helmet)
rElec    .         Reflect  .   p - +0 cloak
rCorr    .         Harm     .   (no gloves)
MR       .....                  h - +0 pair of boots
Stlth    ..........             (no amulet)
HPRegen  0.15/turn              l - ring of attention (curse)
MPRegen  0.09/turn              (no ring)

@: paralysed
A: no striking features
a: no special abilities


You were on level 3 of the Dungeon.
You were not hungry.

You visited 1 branch of the dungeon, and saw 3 of its levels.

You collected 78 gold pieces.

Inventory:

Hand Weapons
 a - a +1 war axe
 b - a +0 whip of holy wrath (weapon)
Armour
 c - a +0 shield (worn)
 h - a +0 pair of boots (worn)
 k - a +0 ring mail (worn)
 n - a +0 scale mail
 p - a +0 cloak (worn)
Jewellery
 l - a cursed ring of attention (left hand)
Wands
 o - a wand of iceblast (7)
 t - a wand of digging (4)
 u - a wand of enslavement (5)
Scrolls
 e - a scroll of amnesia
 j - 2 scrolls of teleportation
Potions
 d - a potion of might
 g - a potion of curing
 i - 2 potions of agility
 m - 2 potions of brilliance
 q - a potion of invisibility
 s - a potion of degeneration {unknown}
Comestibles
 f - 4 rations
 r - 3 chunks of flesh


   Skills:
 - Level 3.6 Fighting
 * Level 7.1 Axes
 - Level 3.2 Armour
 - Level 3.2 Shields


You had 4 spell levels left.
You didn't know any spells.
Your spell library was empty.

Dungeon Overview and Level Annotations

Branches:
Dungeon (3/15)

Altars:
Ashenzari
Kikubaaqudgha
Nemelex Xobeh
Vehumet

Annotations:
D:3 Grinder, Sigmund


Message History

Unknown command.
The jackal barks!
You hear a shout! x2
Grinder gestures at you. Pain shoots through your body!
You are too injured to fight recklessly!
You are too injured to fight recklessly!
You are too injured to fight recklessly!
Unknown command.
You are too injured to fight recklessly!
Unknown command.
You are too injured to fight recklessly!
Sigmund shouts!
Grinder gestures at you.
You suddenly lose the ability to move!
Sigmund hits you but does no damage. Grinder hits you!
* * * LOW HITPOINT WARNING * * *
You writhe in agony.
* * * LOW HITPOINT WARNING * * *
Sigmund hits you from afar with a +0 scythe.
You die...

##......#####)
##.......## #..
######......)..# #.#
##..............# #.#
##..####......(..# #.#
#................# #.#
#.###'###........###..
#.# #..........#.. #@#
#.............
#.'@5_..'........#....
#.#######........###..
### #........# #.# ###
.......#..... ...
......# ..... ...
.#### #..... ###
#..... #.....


You could see Grinder and Sigmund.

Vanquished Creatures
  Robin (D:3)
  5 adders
  3 worms
  A dart slug (D:1)
  A leopard gecko (D:1)
  5 orcs
  5 bats
  A giant cockroach (D:2)
  21 goblins
  10 hobgoblins
  6 jackals
  8 kobolds
  A quokka (D:3)
  A ball python (D:1)
  A frilled lizard (D:3)
  7 rats
77 creatures vanquished.

Notes
Turn   | Place    | Note
-------+----------+-------------------------------------------
     0 | D:1      | relicbr the Hill Orc Fighter began the quest for the Orb.
     0 | D:1      | Reached XP level 1. HP: 19/19 MP: 1/1
    47 | D:1      | Reached skill level 3 in Axes
   191 | D:1      | Reached XP level 2. HP: 17/26 MP: 2/2
   343 | D:1      | Reached skill level 4 in Axes
   669 | D:1      | Reached XP level 3. HP: 25/31 MP: 3/3
  1118 | D:2      | Reached skill level 5 in Axes
  1364 | D:2      | Reached XP level 4. HP: 35/39 MP: 4/4
  1432 | D:2      | Found a radiant altar of Vehumet.
  1623 | D:3      | Noticed Grinder
  1625 | D:3      | Noticed Sigmund
  1705 | D:3      | Reached skill level 6 in Axes
  1936 | D:3      | Reached XP level 5. HP: 41/45 MP: 5/5
  2113 | D:3      | Found a sparkling altar of Nemelex Xobeh.
  2113 | D:3      | Found a shattered altar of Ashenzari.
  2209 | D:3      | Noticed Robin
  2229 | D:3      | Reached skill level 7 in Axes
  2238 | D:3      | Killed Robin
  2348 | D:3      | Found an ancient bone altar of Kikubaaqudgha.
  2348 | D:3      | Paralysed by Grinder for 4 turns
  2360 | D:3      | Paralysed by Grinder for 4 turns
  2361 | D:3      | HP: 1/45 [Grinder (5)]
  2362 | D:3      | Slain by Sigmund

Levels and vault maps discovered:
D:1:      tarquinn_simple_flora_water_b, layout_basic, st_stairs_9,
          minmay_shallow_snake_nest
D:2:      layout_basic, lemuel_crystal_altar, minmay_tree_intersection
D:3:      layout_rooms, lemuel_doored_altar, gammafunk_temple_overflow_elements,
          uniq_sigmund, uniq_grinder, uniq_robin

Skill      XL: |  1  2  3  4  5 |
---------------+----------------+-----
Axes           | 3 4 5 6 7 |  7.1
Fighting       | |  3.6
Armour         | |  3.2
Shields        | |  3.2

Action                   |  1- 3 |  4- 6 || total
-------------------------+-------+-------++-------
Melee: War axe           |   103 |   123 ||   226
       Whip              |     4 |     5 ||     9
  Use: Scroll            |     3 |     3 ||     6
  Eat: Chunk             |     1 |     4 ||     5
Armor: Scale mail        |    17 |       ||    17
       Ring mail         |    19 |    43 ||    62
Dodge: Dodged            |    28 |    35 ||    63
Block: Shield            |    53 |    56 ||   109

Table legend:
 A = Non-vault XP
 B = Vault XP
 C = Vault XP percentage of total XP
 D = Non-vault monster count
 E = Vault monster count
 F = Vault count percentage of total count
                 A         B        C        D         E       F
            +---------+---------+-------+---------+---------+-------
      Total |     169 |      52 |  23.5 |      60 |      17 |  22.1
            +---------+---------+-------+---------+---------+-------
        D:1 |      32 |      18 |  36.0 |      17 |       4 |  19.0
        D:2 |      55 |       0 |   0.0 |      17 |       0 |   0.0
        D:3 |      82 |      34 |  29.3 |      26 |      13 |  33.3
            +---------+---------+-------+---------+---------+-------
